 Dungeon Crawl Stone Soup version 0.13-a0-2557-g7ea0453 (console) character file.

110898 Kellhus the Protected (level 16, -1/127 HPs)
             Began as a Mummy Chaos Knight on July 29, 2013.
             Was a Plaything of Xom.
             Slain by a wraith (5 damage)
             ... summoned by Xom
             ... on Level 19 of the Dungeon on July 30, 2013.
             The game lasted 01:47:47 (41000 turns).

Kellhus the Protected (Mummy Chaos Knight)         Turns: 41000, Time: 01:47:47

HP  -1/127       AC 39     Str 20      XL: 16   Next:  1%
MP  16/16        EV  9     Int 11      God: Xom
Gold 2791        SH  0     Dex 12      Spells:  0 memorised, 15 levels left

Res.Fire  : x . .   See Invis. : .   a - +7 demon whip (elec)
Res.Cold  : + + .   Warding    : .   i - +8 pearl dragon armour
Life Prot.: + + +   Conserve   : .   X - +1 buckler {rC+}
Res.Poison: +       Res.Corr.  : .   C - +4 helmet of Peyt {MR+ Str+1}
Res.Elec. : .       Clarity    : .   r - +1 cloak
Sust.Abil.: . .     Spirit.Shd : .   A - +0 pair of gauntlets
Res.Mut.  : .       Rnd.Telep. : +   W - +0 pair of boots (curse)
Res.Rott. : +       Flight     : .   (no amulet)
Saprovore : . . .                    g - cursed ring of teleportation
                                     z - +3 ring of protection

@: confused, very resistant to hostile enchantments, extremely unstealthy
A: no food or potions, fire vulnerability, in touch with death, restore body,
cold resistance 1, life protection 3, poison resistance, torment resistance,
unbreathing
a: Self-Restoration, Renounce Religion, Evoke Teleportation


You were on level 19 of the Dungeon.
You worshipped Xom.
You were a very special plaything of Xom.
You were not hungry.

You visited 4 branches of the dungeon, and saw 32 of its levels.
You visited 1 bazaar.
You also visited: Volcano.

You collected 3538 gold pieces.
You spent 767 gold pieces at shops.

Inventory:

Hand weapons
 a - a +7,+7 demon whip of electrocution (weapon)
 b - a +2 blowgun
 U - a +0,+0 dagger of distortion
Missiles
 l - 6 silver javelins (quivered)
 o - 76 poisoned needles
 E - 4 needles of confusion
Armour
 i - a +8 pearl dragon armour (worn)
 j - a +0 orcish cloak
 r - a +1 cloak (worn)
 A - a +0 pair of gauntlets (worn)
 C - the +4 helmet of Peyt (worn) {MR+ Str+1}
   (You found it on level 5 of the Dungeon)

   It affects your strength (+1).
   It affects your resistance to hostile enchantments.
 W - a cursed +0 pair of boots (worn)
 X - a +1 buckler of cold resistance (worn)
Magical devices
 f - a wand of cold (7)
 k - a wand of hasting (3)
 m - a wand of cold (8)
 n - a wand of fire (6)
 q - a wand of slowing (9)
 s - a wand of polymorph (6)
 t - a wand of cold (9)
 v - a wand of lightning (5)
 K - a wand of frost (4)
 L - a wand of fire (3)
 M - a wand of teleportation (0)
 Z - a wand of flame (6)
Scrolls
 c - 8 scrolls of remove curse
 d - 3 scrolls of teleportation
 e - 2 scrolls of identify
 S - a scroll of fog
 V - 3 scrolls of blinking
Jewellery
 g - a cursed ring of teleportation (right hand)
 h - an uncursed ring of positive energy
 p - a +3 ring of intelligence
 u - an uncursed ring of regeneration
 y - an uncursed ring of fire
 z - a +3 ring of protection (left hand)
 F - an uncursed ring of teleportation
 Q - a +3 ring of dexterity
Miscellaneous
 x - a lantern of shadows
 G - a stone of tremors
 P - a lamp of fire
Rods
 w - a +2 rod of warding (13/13)
   (Xom gifted it to you on level 2 of the Dungeon)


   Skills:
 - Level 14.0 Fighting
 - Level 14.0 Maces & Flails
 - Level 14.2 Armour
 + Level 6.1 Dodging
 - Level 5.0 Shields


You had 15 spell levels left.
You didn't know any spells.

Dungeon Overview and Level Annotations

Branches:
Dungeon (19/27) Temple (1/1) D:6 Orc (4/4) D:7 Elf (0/3) Orc:4 Lair (8/8) D:12 Shoals (0/5) Lair:6 Snake (0/5) Lair:3 Lair:6 Slime (0/6) Lair:7 Vaults: D:15-20

Altars:
Elyvilon
Fedhas
Okawaru
Trog
Xom
the Shining One
Beogh

Shops:
D:10: ( Orc:2: / Orc:4: ([*+

Portals:
Trove: D:12 (give wand of heal wounds (9))

Annotations
D:18 exclusions: 4 elemental wellsprings and 2 more exclusions
Lair:4 exclusion: oklob plant


Innate Abilities, Weirdness & Mutations

You do not eat or drink.
Your flesh is vulnerable to fire.
You are in touch with the powers of death.
You can restore your body by infusing magical energy.
Your flesh is cold resistant.
You are immune to negative energy.
Your system is resistant to poisons.
You are immune to unholy pain and torment.
You can survive without breathing.


Message History

* * * LOW HITPOINT WARNING * * *
The wraith barely misses you.
Two slime creatures merge to form an enormous slime creature.
You're too confused!
Evoke which item? (* to show all) (? for menu, Esc to quit)
Okay, then.
You hear some strange, mumbled words.
The stone giant skeleton hits you.
* * * LOW HITPOINT WARNING * * *
The wraith hits you but does no damage.
The stone giant skeleton hits you but does no damage.
Unknown command.
The wraith closely misses you.
Unknown command.
A titanic slime creature splits.
The stone giant skeleton hits you but does no damage.
You hear some strange, mumbled words.
The wraith hits you.
You die...
Xom chuckles heartily!

#......#, *
#......+,, ,*
#......+ ,,,,,
#..###.# ,, ,* *#
#..# #.# ** * G,*#
#..# #.# , ,..##.
#..# #.## , ......
#.## #JZ# , ......
#.####@J# *,,......
#....ZW.### *
,,..... #.#####.###
*,, .....
###+#####C#######
,,.....
#......#J.C.....#**
*####
#......#....J...#
#......#l.......#
#......#........#
######+#....><..# #


You could see an enormous slime creature, a very large slime creature, a large
slime creature, a slime creature, 2 hill giants, a basilisk, a wraith and 2
stone giant skeletons.

Vanquished Creatures
  Kirke (D:16)
  An orc warlord (Orc:4)
  An ancient bear (shapeshifter) (D:16)
  A great orb of eyes (D:19)
  7 hydras
  3 orc high priests (Orc:4)
  A rakshasa (D:18)
  2 ogre magi
  16 death yaks
  An alligator (shapeshifter) (D:18)
  7 centaur warriors
  3 catoblepae (Lair:8)
  A deep elf knight (D:19)
  A wizard (D:18)
  3 skeletal warriors (D:18)
  A flayed ghost (D:15)
  12 hill giants
  2 deep elf conjurers
  5 orc knights
  2 griffons
  2 orc sorcerers (Orc:4)
  A frost giant zombie (D:19)
  5 cyclopes
  A stone giant zombie (D:19)
  An oklob plant (Lair:8)
  A black mamba (Lair:8)
  A frost giant skeleton (D:19)
  10 elephants
  A stone giant skeleton (D:19)
  A spiny worm (D:17)
  2 feature mimics
  A guardian serpent (D:15)
  8 spiny frogs
  3 fire drakes
  A yaktaur (D:18)
  7 trolls
  9 komodo dragons
  2 polar bears
  An iron devil (Orc:4)
  A deep elf priest (D:15)
  Sonja (Orc:3)
  3 two-headed ogres
  2 ravens (D:10)
  A troll (shapeshifter) (D:18)
  An ice dragon zombie (D:15)
  A hydra skeleton (D:15)
  17 blink frogs
  18 slime creatures
  A dragon zombie (D:16)
  15 ugly things
  39 yaks
  A griffon skeleton (D:14)
  A trapdoor spider (D:13)
  A shadow (D:15)
  2 deep elf magi
  A tarantella (Lair:3)
  2 neqoxecs (Orc:4)
  A spiny worm zombie (D:18)
  9 water elementals (D:18)
  A vampire (D:16)
  Eustachio (D:6)
  4 hill giant zombies
  A clay golem (D:15)
  2 chaos spawn
  3 wyverns
  12 wolves
  3 hungry ghosts
  2 deep elf fighters
  A hill giant skeleton (D:15)
  5 hippogriffs
  4 manticores
  A deep troll zombie (D:17)
  3 sharks (D:18)
  A rock worm (D:19)
  Edmund (D:6)
  4 mottled dragons
  17 vampire mosquitoes
  Menkaure (D:6)
  5 soldier ants
  11 porcupines
  19 centaurs
  36 orc warriors
  5 sky beasts
  27 ogres
  6 phantoms
  2 black bears
  2 boring beetles
  6 ice beasts
  2 big kobolds
  10 crocodiles
  A yellow wasp (D:12)
  6 wargs
  Sigmund (D:5)
  20 giant frogs
  A komodo dragon zombie (D:9)
  A giant slug zombie (D:15)
  14 water moccasins
  A wyvern zombie (D:9)
  3 giant slugs
  6 agate snails
  2 cyclops zombies (D:15)
  An eye of draining (D:16)
  18 killer bees
  3 troll zombies
  An agate snail simulacrum (D:17)
  9 wights
  A yak zombie (D:11)
  A boulder beetle zombie (D:18)
  A manticore skeleton (D:12)
  2 goliath beetles
  A jellyfish (D:18)
  13 crimson imps
  9 quasits
  A centaur zombie (D:12)
  2 giant frog zombies (D:5)
  3 hounds
  A big fish (D:18)
  31 orc priests
  Crazy Yiuf (D:2)
  A two-headed ogre zombie (D:15)
  2 iron imps
  29 orc wizards
  3 scorpions
  2 gnoll shamans
  5 iguanas
  An orange rat (D:10)
  12 worker ants
  26 sheep
  2 big kobold zombies
  4 ogre zombies (D:7)
  Ijyb (D:3)
  A mottled dragon zombie (D:12)
  A boggart (D:19)
  12 jellies
  An ogre skeleton (D:10)
  A hound zombie (D:11)
  Terence (D:2)
  A mummy (D:10)
  2 worker ant zombies
  12 gnolls
  3 lemures
  3 giant mites
  24 adders
  5 giant centipedes
  25 green rats
  3 white imps
  An ufetubus (D:19)
  4 worms
  An adder skeleton (D:8)
  A giant centipede zombie (D:13)
  2 giant eyeballs
  12 giant geckos
  20 oozes
  186 orcs
  An orc (shapeshifter) (Orc:4)
  3 ball pythons
  32 bats
  5 giant cockroaches
  29 hobgoblins
  35 jackals
  34 kobolds
  10 quokkas
  10 giant newts
  A giant spore (D:6)
  16 goblins
  3 goblin skeletons (D:7)
  2 goblin zombies
  3 hobgoblin skeletons (D:7)
  2 hobgoblin zombies (D:7)
  3 illusory rakshasas
  2 kobold skeletons (D:6)
  5 orc skeletons
  13 orc zombies
  30 rats
  A rat zombie (D:7)
  3 ballistomycetes (D:6)
  2 fungi (D:2)
  A plant (Lair:8)
1256 creatures vanquished.

Vanquished Creatures (collateral kills)
  2 hydras
  A death yak (Lair:8)
  Erolcha (D:8)
  Prince Ribbit (D:7)
  A basilisk (Lair:7)
  A slime creature (D:16)
  A yak (Lair:8)
  A hill giant zombie (D:7)
  An orc warrior (D:9)
  A crimson imp (Lair:8)
  A quasit (Lair:8)
  An orc wizard (D:9)
  An ogre zombie (D:7)
  A jelly (D:8)
  A gnoll (D:3)
  A worm (D:2)
  An orc (D:9)
  A hobgoblin (D:2)
  3 kobolds (D:2)
  A jackal (Lair:1)
23 creatures vanquished.

Vanquished Creatures (others)
  3 humans (D:16)
  A chaos spawn (Lair:3)
  An orc warrior (D:5)
  A centaur (D:9)
  2 quasits
  A crimson imp (Lair:8)
  6 iron imps
  4 lemures
  A shadow imp (Lair:8)
  A giant centipede (D:17)
  3 white imps
  6 ufetubi
  A goblin (Orc:4)
  A bat (D:9)
  A fungus (Lair:3)
  8 plants
41 creatures vanquished.

Grand Total: 1320 creatures vanquished

Notes
Turn   | Place    | Note
--------------------------------------------------------------
     0 | D:1      | Kellhus, the Mummy Chaos Knight, began the quest for the Orb.
     0 | D:1      | Reached XP level 1. HP: 16/16 MP: 1/1
     6 | D:1      | Noticed an iguana
     6 | D:1      | Noticed a salamander
     6 | D:1      | Noticed a swamp drake
     6 | D:1      | Noticed a hog
     6 | D:1      | Noticed a black bear
   234 | D:1      | XOM: harmless Tloc miscast
   242 | D:1      | Reached XP level 2. HP: 19/22 MP: 2/2
   638 | D:1      | XOM: divination: detect creatures
   684 | D:1      | XOM: potion effect (brilliance)
   688 | D:1      | Reached XP level 3. HP: 28/28 MP: 3/3
   834 | D:1      | XOM: summons 1 hostile demon
  1226 | D:2      | Reached skill level 4 in Maces & Flails
  1226 | D:2      | Reached XP level 4. HP: 34/34 MP: 4/4
  1384 | D:2      | Noticed Terence
  1460 | D:2      | Killed Terence
  1500 | D:2      | XOM: mild Necr miscast
  1661 | D:2      | XOM: 3-stop teleportation journey
  1725 | D:2      | XOM: noise
  1749 | D:2      | XOM: summons 4 friendly demons
  2172 | D:3      | XOM: god gift: 6 silver javelins
  2187 | D:3      | Reached XP level 5. HP: 39/39 MP: 5/5
  2311 | D:3      | XOM: vitrification
  2404 | D:3      | XOM: vitrification
  2475 | D:3      | XOM: silly message
  2885 | D:3      | Reached skill level 5 in Maces & Flails
  3042 | D:2      | XOM: god gift: smoky silvery potion
  3114 | D:2      | Noticed Crazy Yiuf
  3132 | D:2      | Killed Crazy Yiuf
  3183 | D:2      | XOM: god gift: weird glowing rod {god gift}
  3185 | D:2      | Identified a +2 rod of warding (13/13) (Xom gifted it to you on level 2 of the Dungeon)
  3254 | D:4      | Noticed Ijyb
  3374 | D:3      | Killed Ijyb
  3380 | D:3      | Reached XP level 6. HP: 43/46 MP: 6/6
  3451 | D:3      | HP: 1/46 [wight/glowing short sword (2)]
  3816 | D:3      | Reached skill level 6 in Maces & Flails
  3855 | D:3      | XOM: vitrification
  3906 | D:3      | XOM: scenery: 1 doors open
  3988 | D:3      | XOM: colour smoke trail
  4037 | D:3      | XOM: silly message
  4076 | D:3      | XOM: harmless Necr miscast
  4081 | D:3      | XOM: blink monster(s)
  4357 | D:4      | XOM: repel stairs
  4423 | D:4      | XOM: polymorph gnoll -> giant eyeball
  4442 | D:3      | Reached XP level 7. HP: 28/51 MP: 7/7
  4495 | D:3      | XOM: colour smoke trail
  4589 | D:3      | XOM: swap weapons
  4590 | D:3      | Noticed a blink frog
  4590 | D:3      | a sky beast changed into a blink frog
  4591 | D:3      | XOM: harmless Trmt miscast
  4597 | D:3      | Noticed a yak
  4597 | D:3      | a blink frog changed into a yak
  4605 | D:3      | XOM: swap monsters
  4617 | D:3      | Noticed a merfolk
  4622 | D:3      | Noticed a lindwurm
  4623 | D:3      | Noticed a trapdoor spider
  4623 | D:3      | a lindwurm changed into a trapdoor spider
  4627 | D:3      | Noticed a swamp dragon
  4627 | D:3      | a trapdoor spider changed into a swamp dragon
  4628 | D:3      | a swamp dragon changed into a boring beetle
  4763 | D:2      | XOM: vitrification
  4803 | D:2      | XOM: scenery: create altars
  4847 | D:2      | XOM: god gift: metal-bound book {god gift}
  5154 | D:4      | XOM: mild Summ miscast
  5399 | D:5      | Entered Level 5 of the Dungeon
  5439 | D:5      | Got a smoking helmet
  5442 | D:5      | Identified the +4 helmet of Peyt {MR+ Str+1} (You found it on level 5 of the Dungeon)
  5489 | D:5      | XOM: polymorph worker ant -> wolf
  5494 | D:5      | Reached skill level 7 in Maces & Flails
  5801 | D:5      | Noticed Sigmund
  5815 | D:5      | XOM: inner flame monster(s)
  5819 | D:5      | XOM: cast spell 'Excruciating Wounds'
  5882 | D:5      | Killed Sigmund
  6026 | D:5      | Reached skill level 8 in Maces & Flails
  6179 | D:5      | Reached XP level 8. HP: 48/58 MP: 8/8
  6361 | D:5      | XOM: swap monsters
  6401 | D:5      | XOM: divine lightning (protected)
  6440 | D:5      | XOM: summons 8 friendly demons
  6458 | D:5      | XOM: vitrification
  6563 | D:6      | XOM: harmless Ice miscast
  6644 | D:6      | Reached skill level 9 in Maces & Flails
  6751 | D:6      | XOM: potion effect (brilliance)
  6850 | D:6      | Found a staircase to the Ecumenical Temple.
  6850 | D:6      | XOM: 4-stop teleportation journey
  6854 | D:6      | Got an encrusted sling
  6863 | D:6      | Noticed Edmund
  6891 | D:6      | XOM: silly message
  6897 | D:6      | XOM: medium Necr miscast
  6924 | D:6      | Killed Edmund
  7129 | D:6      | Noticed Eustachio
  7158 | D:6      | Killed Eustachio
  7158 | D:6      | Reached skill level 10 in Maces & Flails
  7299 | D:6      | Reached XP level 9. HP: 63/63 MP: 9/9
  7322 | D:6      | XOM: noise
  7382 | D:6      | XOM: harmless Summ miscast
  7417 | D:6      | Noticed Menkaure
  7421 | D:6      | XOM: enchant monster (bad)
  7422 | D:6      | XOM: medium Fire miscast
  7435 | D:6      | XOM: noise
  7729 | D:6      | XOM: harmless Necr miscast
  7763 | D:6      | Killed Menkaure
  7926 | Temple   | Entered the Ecumenical Temple
  7960 | D:7      | XOM: mild Hex miscast
  7987 | D:7      | Paralysed by a giant eyeball for 4 turns
  7994 | D:7      | Paralysed by a giant eyeball for 2 turns
  7998 | D:7      | Paralysed by a giant eyeball for 3 turns
  8004 | D:7      | Paralysed by a giant eyeball for 4 turns
  8009 | D:7      | XOM: silly message
  8022 | D:7      | XOM: harmless Divn miscast
  8113 | D:7      | Reached skill level 11 in Maces & Flails
  8264 | D:7      | XOM: silly message
  8409 | D:7      | Found a staircase to the Orcish Mines.
  8780 | D:7      | XOM: divination: detect creatures
  8837 | D:7      | Paralysed by a giant eyeball for 2 turns
  8942 | D:7      | XOM: polymorph jackal -> giant gecko
  8967 | D:7      | XOM: summons 9 friendly demons
  8984 | D:7      | XOM: vitrification
  8988 | D:7      | Noticed Prince Ribbit
  8992 | D:7      | Killed Prince Ribbit
  9169 | D:7      | XOM: vitrification
  9187 | D:7      | XOM: summons 9 friendly demons
  9260 | D:7      | Reached skill level 12 in Maces & Flails
  9383 | D:7      | Found an iron altar of Okawaru.
  9473 | D:8      | Noticed Erolcha
  9521 | D:8      | Reached XP level 10. HP: 69/69 MP: 10/10
  9550 | D:8      | XOM: summons 10 friendly demons
  9555 | D:8      | Killed Erolcha
  9645 | D:8      | XOM: god gift: pair of boots {god gift}
  9675 | D:8      | Got an amethyst-encrusted ring mail
  9786 | D:8      | Identified the +5 ring mail "Shruoz" {+Inv rElec Dam+5} (You found it on level 8 of the Dungeon)
  9838 | D:8      | XOM: vitrification
  9910 | D:8      | XOM is BORED!
  9910 | D:8      | XOM: summons 4 hostile demons
 10184 | D:8      | XOM: god gift: glowing spear {god gift}
 10194 | D:8      | XOM: inner flame monster(s)
 10225 | D:8      | XOM: cast spell 'Blink'
 10441 | D:9      | Found a glowing golden altar of the Shining One.
 10523 | D:9      | Found a blossoming altar of Fedhas.
 10523 | D:9      | XOM: 8-stop teleportation journey
 10584 | D:9      | XOM: potion effect (speed)
 10804 | D:9      | Reached skill level 5 in Fighting
 11028 | D:9      | XOM: swap monsters
 11043 | D:9      | XOM: summons 10 friendly demons
 11073 | D:9      | XOM: polymorph iron imp -> crimson imp
 11240 | D:9      | XOM: divination: detect creatures
 11507 | D:9      | XOM: potion effect (might)
 11511 | D:9      | XOM: divination: detect creatures
 11592 | D:9      | XOM: potion effect (invisibility)
 11651 | D:9      | XOM: potion effect (invisibility)
 11686 | D:9      | XOM: harmless Summ miscast
 11716 | D:9      | XOM: enchant monster (bad)
 11723 | D:9      | XOM: enchant monster (bad)
 11929 | D:9      | XOM: cast spell 'Summon Small Mammal'
 12018 | D:9      | Found a shimmering altar of Xom.
 12018 | D:9      | Found a white marble altar of Elyvilon.
 12162 | D:10     | Entered Level 10 of the Dungeon
 12180 | D:9      | XOM: summons 5 hostile demons
 12232 | D:7      | XOM: scenery: create altars
 12321 | D:7      | XOM: silly message
 12377 | D:7      | XOM: divination: detect creatures
 12491 | D:10     | Found Ybbuam's Weapon Shop.
 12520 | D:10     | Reached skill level 13 in Maces & Flails
 12741 | D:10     | XOM: god gift: scroll of curse armour
 12880 | D:10     | Reached XP level 11. HP: 71/77 MP: 11/11
 13142 | D:10     | Paralysed by a giant eyeball for 3 turns
 13159 | D:10     | XOM: mild Chrm miscast
 13176 | D:10     | XOM: scenery: 1 doors close
 13188 | D:10     | Found a staircase to the Orcish Mines.
 13380 | D:11     | XOM: vitrification
 13694 | D:11     | XOM: vitrification
 13726 | D:11     | Noticed a hill giant
 13793 | D:11     | Killed a hill giant
 14068 | D:11     | XOM: 1-stop teleportation journey
 14113 | D:11     | XOM: 8-stop teleportation journey
 14180 | D:11     | XOM: swap monsters
 14185 | D:11     | Reached skill level 14 in Maces & Flails
 15109 | D:12     | XOM: scenery: 2 doors open
 15114 | D:12     | XOM: 4-stop teleportation journey
 15377 | D:12     | XOM: 8-stop teleportation journey
 15403 | D:12     | Found a staircase to the Lair.
 15433 | D:12     | XOM: swap monsters
 15439 | D:12     | XOM: vitrification
 15878 | D:12     | Identified a scroll of acquirement
 15895 | D:12     | Noticed a hill giant
 15901 | D:12     | XOM: confuse monster(s)
 15912 | D:12     | Killed a hill giant
 15978 | D:12     | XOM: scenery: 2 doors open
 16119 | D:12     | XOM: potion effect (speed)
 16162 | D:12     | XOM: harmless Chrm miscast
 16214 | Lair:1   | Entered Level 1 of the Lair of Beasts
 16251 | Lair:1   | XOM: potion effect (speed)
 16387 | Lair:1   | XOM: scenery: 2 doors open
 16412 | Lair:1   | XOM: enchant monster (bad)
 16606 | Lair:1   | XOM: summons friendly ufetubus
 16639 | Lair:1   | XOM: silly message
 16790 | Lair:1   | XOM: divination: magic mapping
 16805 | Lair:1   | XOM: confuse monster(s)
 16807 | Lair:1   | XOM: polymorph yak -> soldier ant
 16815 | Lair:1   | Reached XP level 12. HP: 90/90 MP: 12/12
 16954 | Lair:1   | Reached skill level 5 in Armour
 17012 | Lair:1   | XOM: swap monsters
 17105 | Lair:1   | XOM: inner flame monster(s)
 17120 | Lair:1   | XOM: god gift: scroll of fog
 17126 | Lair:1   | XOM: swap monsters
 17140 | Lair:1   | XOM: inner flame monster(s)
 17145 | Lair:1   | XOM: enchant monster (good)
 17156 | Lair:1   | XOM: 2-stop teleportation journey
 17400 | Lair:1   | XOM: god gift: 3 meat rations
 17516 | Lair:1   | XOM: summons 4 friendly demons
 17546 | Lair:1   | XOM: summons 2 friendly demons
 17567 | Lair:1   | XOM: summons friendly lemure
 17634 | Lair:1   | XOM: harmless Fire miscast
 17732 | Lair:1   | XOM: vitrification
 17919 | Lair:2   | Noticed a five-headed hydra
 18049 | Lair:2   | XOM is BORED!
 18049 | Lair:2   | XOM: medium Divn miscast
 18076 | Lair:2   | XOM: enchant monster (good)
 18242 | Lair:2   | Killed a five-headed hydra
 18272 | Lair:2   | XOM: god gift: 48 gold pieces
 18483 | Lair:1   | XOM: scenery: 1 doors open
 18492 | D:12     | XOM: god gift: scroll of random uselessness
 18730 | D:11     | XOM: silly message
 18848 | Lair:3   | XOM: summons 9 friendly demons
 19002 | Lair:3   | Found a staircase to the Snake Pit.
 19042 | Lair:3   | XOM: 1-stop teleportation journey
 19308 | Lair:3   | Reached skill level 1 in Shields
 19309 | Lair:3   | XOM: polymorph grizzly bear -> tarantella
 19592 | Lair:3   | Noticed a six-headed hydra
 19595 | Lair:3   | XOM: severe Chrm miscast
 19595 | Lair:3   | Paralysed by the severe capriciousness of Xom for 4 turns
 19597 | Lair:3   | XOM: summons 7 friendly demons
 19604 | Lair:3   | Killed a six-headed hydra
 19686 | Lair:3   | XOM: noise
 19757 | Lair:3   | XOM: silly message
 19894 | Lair:4   | XOM: summons 2 friendly demons
 20461 | Lair:4   | Noticed a six-headed hydra
 20465 | Lair:4   | Killed a six-headed hydra
 20468 | Lair:4   | XOM: silly message
 20722 | Lair:5   | XOM: harmless Divn miscast
 20937 | Lair:5   | Reached skill level 5 in Shields
 21129 | Lair:5   | XOM: silly message
 21628 | Lair:6   | Found a staircase to the Shoals.
 21699 | Lair:6   | Found a staircase to the Snake Pit.
 21819 | Lair:6   | XOM: harmless Divn miscast
 21823 | Lair:6   | XOM: potion effect (brilliance)
 21843 | Lair:6   | Reached XP level 13. HP: 75/96 MP: 13/13
 21919 | Lair:6   | XOM: potion effect (curing)
 21968 | Lair:6   | XOM: potion effect (curing)
 21976 | Lair:6   | XOM: potion effect (speed)
 22031 | Lair:6   | Noticed a five-headed hydra
 22031 | Lair:6   | XOM: harmless Erth miscast
 22032 | Lair:6   | XOM: medium Hex miscast
 22040 | Lair:6   | Killed a five-headed hydra
 22209 | Lair:6   | XOM: summons 1 hostile demon
 22396 | Lair:4   | XOM: stat loss: -1 Str (19/20)
 22419 | Lair:4   | XOM: silly message
 22501 | Lair:2   | XOM: summons 1 hostile demon
 22631 | D:10     | XOM is BORED!
 22631 | D:10     | XOM: summons 2 hostile shadow creatures
 22920 | D:6      | XOM: medium Summ miscast
 23181 | Lair:7   | XOM: silly message
 23333 | Lair:6   | XOM: medium Ice miscast
 23530 | Lair:6   | XOM: harmless Fire miscast
 23531 | Lair:6   | XOM: enchant monster (bad)
 23532 | Lair:6   | XOM: divine lightning (protected)
 23554 | Lair:6   | XOM: enchant monster (bad)
 23557 | Lair:6   | Reached skill level 10 in Armour
 23563 | Lair:6   | XOM: confuse monster(s)
 23609 | Lair:6   | XOM: scenery: create altars
 23692 | Lair:7   | XOM: confuse monster(s)
 23696 | Lair:7   | XOM: summons friendly ufetubus
 23714 | Lair:6   | XOM: blink monster(s)
 23835 | Lair:7   | XOM: cast spell 'Cause Fear'
 23893 | Lair:6   | Reached skill level 10 in Fighting
 23977 | Lair:7   | XOM: divination: detect items
 23981 | Lair:7   | XOM: divination: detect creatures
 23985 | Lair:7   | XOM: divination: detect creatures
 23987 | Lair:7   | XOM: confuse monster(s)
 24068 | Lair:7   | XOM: summons friendly crimson imp
 24141 | Lair:7   | XOM: harmless Hex miscast
 24268 | Lair:7   | Found a staircase to the Slime Pits.
 24306 | Lair:7   | XOM: noise
 24309 | Lair:7   | XOM: summons 1 hostile demon
 24420 | Lair:7   | XOM: silly message
 24434 | Lair:7   | XOM: severe Erth miscast
 24571 | Lair:8   | Entered Level 8 of the Lair of Beasts
 24572 | Lair:8   | XOM: enchant monster (bad)
 24690 | Lair:8   | XOM: harmless Trmt miscast
 24700 | Lair:8   | XOM: 3-stop teleportation journey
 24755 | Lair:8   | XOM: enchant monster (good)
 25011 | Lair:8   | XOM: summons 2 friendly demons
 25263 | Lair:8   | XOM: summons friendly white imp
 25353 | Lair:8   | XOM: noise
 25379 | Lair:8   | XOM: confuse monster(s)
 25390 | Lair:8   | Reached XP level 14. HP: 84/105 MP: 14/14
 25402 | Lair:8   | XOM: summons 3 friendly demons
 25692 | Lair:8   | XOM: summons 7 friendly demons
 25698 | Lair:8   | XOM: confuse monster(s)
 25700 | Lair:8   | XOM: divination: detect creatures
 25726 | Lair:8   | XOM: enchant monster (good)
 25728 | Lair:8   | XOM: confusion (+ monsters)
 25746 | Lair:8   | XOM: confuse monster(s)
 25790 | Lair:8   | XOM: enchant monster (good)
 25801 | Lair:8   | XOM: mild Chrm miscast
 25819 | Lair:7   | XOM: divination: detect creatures
 26039 | Lair:7   | XOM: summons 9 friendly demons
 26135 | Lair:8   | XOM: summons friendly shadow imp
 26225 | Lair:8   | XOM: enchant monster (good)
 26291 | Lair:8   | XOM: swap monsters
 26300 | Lair:8   | XOM: cast spell 'Death Channel'
 26309 | Lair:8   | XOM: polymorph plant -> oklob plant
 26793 | Lair:4   | XOM: polymorph plant -> oklob plant
 26807 | Lair:3   | XOM: god gift: bronze wand {god gift}
 26987 | D:10     | the staircase to the Orcish Mines was a mimic.
 27116 | D:7      | Identified the cursed +5,+4 sling of Lafeaf {velocity, Contam rElec rN+ MR+ SInv} (You found it on level 6 of the Dungeon)
 27146 | Orc:1    | Entered Level 1 of the Orcish Mines
 27239 | Orc:1    | Found an iron altar of Okawaru.
 27456 | Orc:1    | XOM: summons 4 hostile shadow creatures
 27459 | Orc:1    | XOM: blink monster(s)
 27599 | Orc:1    | Found a dark tunnel.
 27609 | Volcano  | Entered a volcano
 27810 | Orc:2    | Found Bloeprop's Magical Wand Shoppe.
 27851 | Orc:2    | Bought a wand of teleportation (4) for 312 gold pieces
 28200 | Orc:2    | Found a roughly hewn altar of Beogh.
 28226 | Orc:2    | XOM: 8-stop teleportation journey
 28635 | Orc:3    | Noticed Sonja
 28637 | Orc:3    | Killed Sonja
 28958 | Orc:2    | XOM: harmless Conj miscast
 29393 | Orc:3    | XOM: god gift: sedimented cyan potion
 29515 | Orc:4    | Entered Level 4 of the Orcish Mines
 29565 | Orc:3    | XOM: inner flame monster(s)
 29687 | Orc:3    | XOM: god gift: scratched bronze ring {god gift}
 29808 | Orc:4    | Found Broux's General Store.
 30112 | Orc:3    | XOM: vitrification
 30218 | Orc:4    | Found Shapon's Antique Weapon Shoppe.
 30230 | Orc:4    | Noticed an orc warlord
 30232 | Orc:4    | XOM: summons friendly ufetubus
 30250 | Orc:4    | Killed an orc warlord
 30504 | Orc:4    | XOM: god gift: glowing wooden ring {god gift}
 30505 | Orc:4    | XOM: repel stairs
 30516 | Orc:4    | XOM: vitrification
 30642 | Orc:3    | XOM: scenery: create altars
 30684 | Orc:3    | XOM: harmless Conj miscast
 30692 | Orc:3    | XOM: god gift: 22 gold pieces
 30745 | Orc:4    | XOM: summons friendly quasit
 30932 | Orc:4    | Found Cratinlu's Book Emporium.
 30932 | Orc:4    | XOM: 2-stop teleportation journey
 31020 | Orc:4    | XOM: noise
 31102 | Orc:4    | XOM: cast spell 'Cause Fear'
 31246 | Orc:4    | XOM: vitrification
 31288 | Orc:4    | XOM: potion effect (brilliance)
 31292 | Orc:4    | XOM: enchant monster (good)
 31332 | Orc:4    | Found a roughly hewn altar of Beogh.
 31332 | Orc:4    | XOM: 7-stop teleportation journey
 31383 | Orc:3    | XOM: scenery: create altars
 31833 | Orc:4    | XOM: god gift: 12 arrows of frost
 31836 | Orc:4    | Found Ciel's Antique Armour Boutique.
 32065 | Orc:4    | XOM: polymorph orc -> jackal
 32133 | Orc:4    | Found a staircase to the Elven Halls.
 32238 | Orc:4    | Bought a scroll of enchant weapon II for 82 gold pieces
 32238 | Orc:4    | Bought a scroll of enchant armour for 82 gold pieces
 32303 | Orc:2    | XOM: inner flame monster(s)
 32472 | D:12     | XOM: harmless Chrm miscast
 32601 | D:12     | XOM: vitrification
 32662 | D:12     | Found a portal to a secret trove of treasure.
 32741 | D:13     | XOM: potion effect (invisibility)
 32794 | D:13     | XOM: divination: detect creatures
 33116 | D:13     | XOM: harmless Necr miscast
 33275 | D:13     | XOM: 4-stop teleportation journey
 33594 | D:14     | Entered Level 14 of the Dungeon
 33884 | D:14     | XOM: silly message
 34183 | D:14     | XOM: confusion
 34303 | D:15     | Entered Level 15 of the Dungeon
 34317 | D:15     | XOM: blink monster(s)
 34486 | D:15     | XOM: cast spell 'Metabolic Englaciation'
 34509 | D:15     | XOM: summons friendly crimson imp
 34561 | D:15     | XOM: medium Ice miscast
 34796 | D:15     | XOM: polymorph centaur warrior -> guardian serpent
 34990 | D:15     | XOM: noise
 34996 | D:15     | Reached XP level 15. HP: 117/117 MP: 15/15
 35454 | D:15     | XOM: god gift: scroll of curse jewellery
 35512 | D:15     | XOM: cast spell 'Summon Butterflies'
 35829 | D:15     | XOM: summons friendly lemure
 35977 | D:16     | Noticed Kirke
 36008 | D:16     | XOM: summons friendly quasit
 36224 | D:16     | Killed Kirke
 36234 | D:16     | XOM: enchant monster (good)
 36411 | D:16     | XOM: mild Hex miscast
 36459 | D:16     | XOM: colour smoke trail
 36582 | D:16     | XOM: divination: detect items
 36832 | D:17     | Found a flickering gateway to a bazaar.
 36842 | Bazaar   | Entered a bazaar
 36842 | Bazaar   | Found Asir's Book Emporium.
 36842 | Bazaar   | Found Chausa's Magic Scroll Shoppe.
 36842 | Bazaar   | Found Zefif's Gadget Shoppe.
 36845 | Bazaar   | Found Letainaz's Gadget Emporium.
 36868 | Bazaar   | Bought a scroll of enchant armour for 71 gold pieces
 36874 | Bazaar   | Bought a scroll of enchant weapon I for 71 gold pieces
 36874 | Bazaar   | Bought a scroll of blinking for 71 gold pieces
 36876 | Bazaar   | Bought a scroll of teleportation for 39 gold pieces
 36876 | Bazaar   | Bought a scroll of remove curse for 39 gold pieces
 37160 | D:17     | XOM: confuse monster(s)
 37169 | D:17     | XOM: god gift: 5 royal jellies
 37259 | D:17     | XOM: god gift: glowing steel ring {god gift}
 37317 | D:17     | Found a glowing golden altar of the Shining One.
 37655 | D:18     | XOM: inner flame monster(s)
 37709 | D:18     | XOM: summons 6 friendly demons
 37810 | D:18     | XOM: potion effect (brilliance)
 37841 | D:18     | XOM: inner flame monster(s)
 37865 | D:17     | XOM: enchant monster (bad)
 38010 | D:17     | XOM: confusion (+ monsters)
 38011 | D:17     | XOM: noise
 38031 | D:17     | XOM: silly message
 38107 | D:17     | XOM: silly message
 38142 | D:17     | XOM: silly message
 38400 | D:18     | Found a white marble altar of Elyvilon.
 38412 | D:18     | XOM: enchant monster (bad)
 38427 | D:18     | XOM: polymorph shark -> blink frog
 38648 | D:18     | Reached skill level 1 in Dodging
 38806 | D:18     | XOM: harmless Necr miscast
 38835 | D:18     | XOM: enchant monster (bad)
 38939 | D:18     | XOM: silly message
 39120 | D:18     | XOM: potion effect (speed)
 39138 | D:18     | XOM: potion effect (speed)
 39139 | D:18     | XOM: confuse monster(s)
 39219 | D:19     | Found a bloodstained altar of Trog.
 39219 | D:19     | XOM: 9-stop teleportation journey
 39222 | D:19     | XOM: mild Erth miscast
 39472 | D:19     | XOM: swap monsters
 39473 | D:19     | XOM: potion effect (brilliance)
 39556 | D:19     | XOM: harmless Summ miscast
 39559 | D:19     | XOM: potion effect (agility)
 39573 | D:19     | XOM: potion effect (brilliance)
 39581 | D:19     | XOM: harmless Ice miscast
 39883 | D:19     | XOM: enchant monster (good)
 40025 | D:19     | Reached skill level 5 in Dodging
 40194 | D:19     | XOM: divination: detect creatures
 40210 | D:19     | XOM: summons friendly iron imp
 40417 | D:19     | XOM: 7-stop teleportation journey
 40466 | D:19     | Noticed a tengu reaver
 40475 | D:19     | XOM: inner flame monster(s)
 40860 | D:19     | XOM: divination: magic mapping
 40872 | D:19     | Reached XP level 16. HP: 127/127 MP: 16/16
 40902 | D:19     | XOM: enchant monster (good)
 40953 | D:19     | XOM: vitrification
 40975 | D:19     | XOM: confusion
 40984 | D:19     | XOM: summons 4 hostile shadow creatures
 40991 | D:19     | XOM: noise
 40997 | D:19     | HP: 5/127 [stone giant skeleton[Xom] (17)]
 41000 | D:19     | Slain by a wraith

Action                   |  1- 3 |  4- 6 |  7- 9 | 10-12 | 13-15 | 16-18 || total
-------------------------+-------+-------+-------+-------+-------+-------++-------
Melee: Mace              |   120 |   319 |    14 |       |       |       ||   453
       Flail             |       |       |   534 |   753 |       |       ||  1287
       Demon whip        |       |       |       |   610 |  2296 |    22 ||  2928
 Fire: Blowgun           |       |     8 |    49 |    32 |       |       ||    89
Throw: Javelin           |       |       |       |       |     1 |       ||     1
Evoke: Rod               |       |       |     3 |     8 |     8 |       ||    19
       Wand              |       |       |     7 |     5 |     9 |     4 ||    25
  Use: Scroll            |       |     2 |    15 |    14 |    31 |       ||    62
 Stab: Confused          |     1 |       |     2 |     3 |     2 |       ||     8
       Paralysed         |       |     1 |       |       |     3 |       ||     4
       Invisible         |       |       |       |     3 |     5 |       ||     8
       Distracted        |       |       |       |     2 |     2 |       ||     4
       Petrifying        |       |       |       |       |       |     1 ||     1
